 Dungeon Sprint DCSS version 0.17-a0-1920-gafa4d75 (webtiles) character file.

477 Kidiri the Covert (level 6, -3/28 HPs)
             Began as a Spriggan Enchanter on Sept 27, 2015.
             Was a Follower of Dithmenos.
             Killed by divine providence
             ... invoked by a deep elf priest
              (14 damage)
             ... in the Dungeon (Sprint III: "The Ten Rune Challenge").
             The game lasted 00:03:00 (766 turns).

Kidiri the Covert (Spriggan Enchanter)               Turns: 766, Time: 00:03:00

Health: -3/28      AC:  3    Str:  4    XL:     6   Next: 85%
Magic:  9/18       EV: 27    Int: 18    God:    Dithmenos [*.....]
Gold:   29         SH:  0    Dex: 17    Spells: 5 memorised, 9 levels left

rFire  + . .     SeeInvis +     a - +1 dagger
rCold  . . .     Clarity  .     b - +1 robe
rNeg   . . .     SustAt   .     (shield restricted)
rPois  .         Gourm    .     (helmet restricted)
rElec  .         Spirit   .     (no cloak)
rCorr  .         Warding  .     (gloves unavailable)
rMut   .         NoTele   +     (boots unavailable)
MR     +....                    (no amulet)
Stlth  ++++++....               (no ring)
                                (no ring)

@: wreathed by umbra, very quick, somewhat resistant to hostile enchantments,
very stealthy
A: unfitting armour, hooves 1, horns 1, repulsion field 1, see invisible, fire
resistance 1, herbivore 3, speed 3, slow metabolism 2
a: Renounce Religion


You were in the Dungeon.
You worshipped Dithmenos.
Dithmenos was aware of your devotion.
You were not hungry.

You visited 1 branch You collected 29 gold pieces.

Inventory:

Hand weapons
 a - a +1 dagger (weapon)
Armour
 b - a +1 robe (worn)
Scrolls
 j - a scroll of blinking
 k - 4 scrolls of identify
 p - 2 scrolls of torment
Potions
 e - a potion of curing
 g - a potion of haste
 h - 2 potions of magic
 i - a potion of berserk rage
 n - a potion of heal wounds
 o - 3 potions of flight
 r - 2 potions of cure mutation
Comestibles
 d - a bread ration
 m - 2 royal jellies
 q - 2 fruits


   Skills:
 * Level 7.1 Short Blades
 * Level 9.6 Dodging
 * Level 10.8 Stealth
 * Level 8.0 Spellcasting
 + Level 2.1 Conjurations
 + Level 6.6 Hexes
 + Level 3.1 Ice Magic
 + Level 1.4 Invocations


You had 9 spell levels left.
You knew the following spells:

 Your Spells              Type           Power        Failure   Level  Hunger
a - Corona                Hex            ####...      1%          1    None
b - Ensorcelled Hibernat  Hex/Ice        ###...       1%          2    None
c - Confuse               Hex            ####....     1%          3    #......
d - Tukima's Dance        Hex            ####....     1%          3    #......
e - Dazzling Spray        Conj/Hex       ###.....     6%          3    #......


Dungeon Overview and Level Annotations

Branches:
Dungeon (1/1)

Altars:
Dithmenos
Elyvilon
Gozag
Kikubaaqudgha
Makhleb
Nemelex Xobeh
Qazlal
Ru
Sif Muna
Vehumet
Xom
Zin
The Shining One
Jiyva
Lugonu


Innate Abilities, Weirdness & Mutations

You are tiny and cannot use many weapons and most armour.
You have supernaturally acute eyesight.
You are a herbivore.
You cover ground extremely quickly.
You need consume almost no food.
You have large cloven feet.
You have a pair of small horns on your head.
You are surrounded by a mild repulsion field (EV +2).
Your flesh is heat resistant.


Message History

The deep elf priest misses you.
Casting: Tukima's Dance
Confirm with . or Enter, or press ? or * to list all spells.
Aiming: Dazzling Spray
Press: ? - help, Shift-Dir - straight line, f/p - deep elf priest
Aim: a deep elf priest (lightly wounded, umbra)
The spray of energy hits the deep elf priest.
The deep elf priest is moderately wounded.
The deep elf priest is dazzled.
The deep elf priest completely misses you.
You completely miss the deep elf priest.
Your kick misses the deep elf priest.
The deep elf priest is moderately wounded.
Your long sword of holy wrath hits the deep elf priest!
You closely miss the deep elf priest.
The deep elf priest is heavily wounded.
The deep elf priest mumbles some strange prayers to its god against you.
Something smites you!
Ouch! That really hurt!
You die...

▓▓▓▓▓ ▓▓▓ #(..####
##.#####
#......#####..#_(_#
#.......#..#..#e@.#
##.##..)#..#..###'#+###+##
##.###..##+#..#..........#
###.##..###...'.⌠........#
#..##..####...#...######+#
...##..###....#.⌠.#__#...#
..##...##.....#...#__#...#
.##....#......#+###__#...#
###..##.#.....#.)?#__#...+


You could see a deep elf priest (blind) and a friendly long sword of holy wrath.

Vanquished Creatures
  A shadow (D)
  A spatial vortex (D)
  A water elemental (D)
  A jelly (D)
  Jessica (D)
  A wizard (D)
  A wolf (D)
  A human (D)
  A kobold demonologist (D)
  2 rats (D)
11 creatures vanquished.

Vanquished Creatures (others)
  2 draconian scorchers (D)
  A yaktaur (D)
3 creatures vanquished.

Grand Total: 14 creatures vanquished

Notes
Turn   | Place    | Note
--------------------------------------------------------------
     0 | D        | Kidiri the Spriggan Enchanter began the quest for the Orb.
     0 | D        | Reached XP level 1. HP: 9/9 MP: 5/5
    29 | D        | Noticed Jessica
    33 | D        | Killed Jessica
    33 | D        | Reached skill level 6 in Stealth
    33 | D        | Reached XP level 2. HP: 13/13 MP: 6/8
    37 | D        | Learned a level 2 spell: Ensorcelled Hibernation
    47 | D        | Noticed a wolf
    65 | D        | Reached skill level 5 in Dodging
    65 | D        | Reached XP level 3. HP: 16/16 MP: 1/9
   172 | D        | Killed a yaktaur
   192 | D        | Learned a level 3 spell: Confuse
   196 | D        | Learned a level 3 spell: Tukima's Dance
   218 | D        | Killed a white draconian scorcher
   240 | D        | Killed a white draconian scorcher
   270 | D        | Killed a wolf
   270 | D        | Reached skill level 7 in Stealth
   270 | D        | Reached skill level 1 in Ice Magic
   270 | D        | Reached XP level 4. HP: 11/21 MP: 0/11
   401 | D        | Gained mutation: You have a pair of small horns on your head. [potion of mutation]
   401 | D        | Gained mutation: Your system is resistant to poisons. [potion of mutation]
   401 | D        | Gained mutation: Your flesh is heat resistant. [potion of mutation]
   402 | D        | Lost mutation: Your system is resistant to poisons. [potion of mutation]
   403 | D        | Gained mutation: You are surrounded by a mild repulsion field (EV +2). [potion of mutation]
   403 | D        | Gained mutation: You have large cloven feet. [potion of mutation]
   424 | D        | Noticed a water elemental
   426 | D        | Killed a water elemental
   426 | D        | Reached skill level 8 in Stealth
   426 | D        | Reached skill level 5 in Spellcasting
   426 | D        | Reached skill level 5 in Hexes
   432 | D        | Learned a level 3 spell: Dazzling Spray
   448 | D        | Noticed a jelly
   449 | D        | Noticed a shadow
   451 | D        | Killed a shadow
   451 | D        | Reached skill level 9 in Stealth
   451 | D        | Reached skill level 1 in Conjurations
   451 | D        | Reached XP level 5. HP: 24/24 MP: 12/15
   451 | D        | Reached XP level 6. HP: 28/28 MP: 13/17
   455 | D        | Killed a jelly
   455 | D        | Reached skill level 10 in Stealth
   460 | D        | Found a stormy altar of Qazlal.
   461 | D        | Found a sacrificial altar of Ru.
   461 | D        | Found a burning altar of Makhleb.
   461 | D        | Found a viscous altar of Jiyva.
   461 | D        | Found a shimmering altar of Xom.
   461 | D        | Found a shadowy altar of Dithmenos.
   461 | D        | Found a sparkling altar of Nemelex Xobeh.
   461 | D        | Found a corrupted altar of Lugonu.
   461 | D        | Found an opulent altar of Gozag.
   461 | D        | Noticed a spatial vortex
   465 | D        | Became a worshipper of Dithmenos the Shadowed
   615 | D        | Killed a spatial vortex
   615 | D        | Reached skill level 1 in Invocations
   734 | D        | Found a radiant altar of Vehumet.
   735 | D        | Found a deep blue altar of Sif Muna.
   735 | D        | Found an ancient bone altar of Kikubaaqudgha.
   735 | D        | Noticed a wizard
   736 | D        | Killed a wizard
   758 | D        | Found a glowing silver altar of Zin.
   759 | D        | Found a glowing golden altar of the Shining One.
   759 | D        | Found a white marble altar of Elyvilon.
   759 | D        | Noticed a deep elf priest
   766 | D        | Killed from afar by a deep elf priest

Vault maps used:
D:        dungeon_sprint_mu

Action                   |  1- 3 |  4- 6 || total
-------------------------+-------+-------++-------
Melee: Dagger            |    10 |    11 ||    21
 Cast: Ensorcelled Hiber |     6 |       ||     6
       Corona            |     1 |       ||     1
       Confuse           |     1 |       ||     1
       Dazzling Spray    |       |     7 ||     7
       Tukima's Dance    |       |     2 ||     2
  Use: Potion            |     1 |     3 ||     4
       Scroll            |       |     2 ||     2
 Stab: Sleeping          |     3 |     5 ||     8
       Confused          |     1 |       ||     1
